 Dungeon Crawl Stone Soup version 0.19-a0-1091-g463c9de (webtiles) character file.

973 HaroldButt the Destroyer (level 8, -4/41 HPs)
             Began as a Tengu Conjurer on Aug 7, 2016.
             Was an Initiate of Vehumet.
             Slain by a killer bee (5 damage)
             ... on level 8 of the Dungeon.
             The game lasted 00:19:44 (4773 turns).

HaroldButt the Destroyer (Tengu Conjurer)           Turns: 4773, Time: 00:19:45

Health: -4/41      AC:  5    Str:  9    XL:     8   Next: 16%
Magic:  2/15       EV: 13    Int: 17    God:    Vehumet [......]
Gold:   187        SH:  0    Dex: 15    Spells: 4 memorised, 3 levels left

rFire  . . .     SeeInvis .     n - +4 quarterstaff (chaos)
rCold  . . .     Gourm    .     a - +1 robe
rNeg   + . .     Faith    .     (shield currently unavailable)
rPois  .         Spirit   .     (helmet restricted)
rElec  .         Dismiss  .     s - +0 cloak
rCorr  .         Reflect  .     y - +0 pair of gloves
SustAt .         Harm     .     (boots unavailable)
MR     .....                    (no amulet)
Stlth  ++........               m - ring of wizardry
                                h - ring of positive energy

@: lethally poisoned (-4 -> -19), very slightly contaminated
A: beak, talons 3, able to fly 1
a: Fly, Renounce Religion


You were on level 8 of the Dungeon.
You worshipped Vehumet.
Vehumet was noncommittal.
You were not hungry.

You visited 2 branches of the dungeon, and saw 7 of its levels.

You collected 187 gold pieces.

Inventory:

Hand Weapons
 f - a +0 blowgun
 n - a +4 quarterstaff of chaos (weapon)
 v - a +2 dagger of holy wrath
Missiles
 d - 43 poisoned needles
Armour
 a - a +1 robe (worn)
 i - a +0 leather armour
 o - a +0 ring mail
 s - a +0 cloak (worn)
 y - a +0 pair of gloves (worn)
Jewellery
 h - a ring of positive energy (left hand)
 m - a ring of wizardry (right hand)
Wands
 u - a wand of slowing (18/48)
Scrolls
 k - 2 scrolls of immolation
 r - 7 scrolls of remove curse
 B - 2 scrolls of blinking {unknown}
Potions
 e - a potion of degeneration
 j - a potion of flight
 p - a potion of lignification {unknown}
 q - a potion of might {unknown}
 A - a potion of curing {unknown}
 C - a potion of magic {unknown}
Books
 b - a book of Conjurations

   Spells                             Type                      Level
   a - Magic Dart                     Conjuration                  1
   b - Searing Ray                    Conjuration                  2
   c - Dazzling Spray                 Conjuration/Hexes            3
   d - Fulminant Prism                Conjuration/Hexes            4
   e - Iskenderun's Mystic Blast      Conjuration                  4
   f - Iskenderun's Battlesphere      Conjuration/Charms           5
Comestibles
 c - 4 bread rations
 g - 10 fruits
 l - 2 meat rations
 w - a slice of pizza


   Skills:
 - Level 2.1 Dodging
 - Level 2.0 Stealth
 - Level 4.3 Spellcasting
 + Level 10.0 Conjurations
 + Level 3.6 Charms


You had 3 spell levels left.
You knew the following spells:

 Your Spells              Type           Power        Failure   Level  Hunger
a - Magic Dart            Conj           ####         1%          1    None
b - Searing Ray           Conj           #####.       1%          2    ##.....
c - Iskenderun's Mystic   Conj           #####...     1%          4    ####...
d - Iskenderun's Battles  Conj/Chrm      ####....     12%         5    ######.


Dungeon Overview and Level Annotations

Branches:
Dungeon (5/15)             Temple (1/1) D:4

Altars:
Ashenzari
Cheibriados
Dithmenos
Elyvilon
Hepliaklqana
Kikubaaqudgha
Qazlal
Ru
Trog
Uskayaw
Vehumet
Xom
Yredelemnul


Innate Abilities, Weirdness & Mutations

You have a beak for a mouth.
You have claws for feet.
You can fly.


Message History

You feel sick. The killer bee closely misses you.
Casting: Iskenderun's Mystic Blast
Confirm with . or Enter, or press ? or * to list all spells.
Aiming: Magic Dart
Press: ? - help, Shift-Dir - straight line, f/p - killer bee
Aim: a killer bee The magic dart hits the killer bee.
The killer bee is heavily wounded.
You feel sick. The killer bee stings you!
* * * LOW HITPOINT WARNING * * *
You are lethally poisoned!
The killer bee poisons you! The jelly hits you but does no damage.
The killer bee stings you!
* * * LOW HITPOINT WARNING * * *
As you read the scroll labeled PAEL SOMPUOPAZ, it crumbles to dust.
It is a scroll of enchant weapon.
Your +3 quarterstaff of chaos glows red for a moment.
* * * LOW HITPOINT WARNING * * *
You feel sick. The killer bee stings you.
You die...

.. #. ...
...##.#+##..
...........#
.....$.....#
..?.......#
#.....(..#
#...{....###.#
#?...J@.......
+.....y.......
#.............
#.............
................
###.............
#..........###
+..........#
#..........#


You could see a jelly and a killer bee.

Vanquished Creatures
  Grinder (D:3)
  2 sky beasts (D:5)
  An ogre (D:4)
  A centaur (D:5)
  2 killer bees (D:8)
  A centaur zombie (D:5)
  3 hounds
  Crazy Yiuf (D:3)
  A worker ant (D:4)
  Robin (D:3)
  4 gnolls (D:4)
  6 adders
  An ooze (D:1)
  3 worms
  A dart slug (D:5)
  3 giant geckos
  5 giant cockroaches
  8 hobgoblins
  5 jackals (D:3)
  6 kobolds
  2 quokkas
  2 ball pythons (D:1)
  7 bats
  6 giant newts
  14 goblins
  4 rats
  5 fungi (D:3)
96 creatures vanquished.

Notes
Turn   | Place    | Note
-------+----------+-------------------------------------------
     0 | D:1      | HaroldButt the Tengu Conjurer began the quest for the Orb.
     0 | D:1      | Reached XP level 1. HP: 10/10 MP: 4/4
   167 | D:1      | Reached XP level 2. HP: 10/15 MP: 4/6
   220 | D:1      | Reached skill level 6 in Conjurations
   239 | D:1      | Learned a level 2 spell: Searing Ray
   704 | D:2      | Reached XP level 3. HP: 14/19 MP: 3/7
  1066 | D:2      | Reached skill level 7 in Conjurations
  1416 | D:3      | Noticed Grinder
  1644 | D:3      | Reached XP level 4. HP: 24/24 MP: 4/8
  1650 | D:3      | Learned a level 4 spell: Iskenderun's Mystic Blast
  1722 | D:3      | Noticed Robin
  1823 | D:3      | Killed Robin
  1991 | D:3      | Found an ancient bone altar of Kikubaaqudgha.
  1991 | D:3      | Found a shadowy altar of Dithmenos.
  2117 | D:3      | Reached skill level 8 in Conjurations
  2117 | D:3      | Gained mutation: You can fly. [Tengu growth]
  2117 | D:3      | Reached XP level 5. HP: 20/28 MP: 5/9
  2170 | D:3      | Found a shimmering altar of Xom.
  2425 | D:3      | Paralysed by Grinder for 3 turns
  2446 | D:3      | Paralysed by Grinder for 4 turns
  2451 | D:3      | Killed Grinder
  2451 | D:3      | Reached XP level 6. HP: 29/32 MP: 0/13
  2458 | D:3      | Learned a level 5 spell: Iskenderun's Battlesphere
  2931 | D:3      | Found a runed door.
  2935 | D:3      | Noticed Crazy Yiuf
  2939 | D:3      | Killed Crazy Yiuf
  2939 | D:3      | Reached skill level 1 in Charms
  3180 | D:4      | Found a white marble altar of Elyvilon.
  3396 | D:4      | Found a staircase to the Ecumenical Temple.
  3401 | Temple   | Entered the Ecumenical Temple
  3470 | Temple   | Became a worshipper of Vehumet
  4014 | D:4      | Reached XP level 7. HP: 33/36 MP: 9/14
  4193 | D:5      | Entered Level 5 of the Dungeon
  4244 | D:5      | Reached skill level 9 in Conjurations
  4679 | D:5      | Reached XP level 8. HP: 26/41 MP: 5/15
  4766 | D:5      | You fall through a shaft for 3 floors!
  4769 | D:8      | Reached skill level 10 in Conjurations
  4773 | D:8      | HP: 1/41 [poisoned by a killer bee]
  4773 | D:8      | Slain by a killer bee

Vault maps used:
D:1:      minmay_arrival_up_and_down
D:3:      old_standard_altar, gammafunk_temple_overflow_pools, minmay_cupped,
          uniq_robin, uniq_crazy_yiuf_cottage, uniq_grinder
D:4:      kennysheep_mini_moat, first_bread
D:5:      lemuel_ice_spiral_2, grunt_ministairs_13, minmay_misc_feat_square,
          minmay_tree_intersection
D:8:      bh_walls_and_bars, uniq_psyche
Temple:   dpeg_five_rooms_temple

Skill      XL: |  1  2  3  4  5  6  7  8 |
---------------+-------------------------+-----
Conjurations   | 6 7 8 9 10 | 10.0
Spellcasting   | 4 |  4.3
Charms         | 1 3 |  3.6
Dodging        | |  2.1
Stealth        | |  2.0

Action                   |  1- 3 |  4- 6 |  7- 9 || total
-------------------------+-------+-------+-------++-------
Melee: Short sword       |    15 |       |       ||    15
       Peck              |     6 |    16 |       ||    22
       Kick              |     5 |    18 |     1 ||    24
       Dagger            |       |    59 |       ||    59
       Quarterstaff      |       |    25 |    12 ||    37
 Cast: Magic Dart        |    41 |    37 |    10 ||    88
       Searing Ray       |     2 |    13 |     7 ||    22
       Iskenderun's Myst |       |     1 |     6 ||     7
  Use: Scroll            |     6 |     5 |     2 ||    13
 Stab: Sleeping          |       |     2 |       ||     2
  Eat: Chunk             |     2 |     9 |     4 ||    15
Armor: Robe              |     2 |    16 |     9 ||    27
Dodge: Dodged            |    19 |    57 |    19 ||    95
